 Dungeon Crawl Stone Soup version 0.17-a0-1545-gc1bb672 (webtiles) character file.

25 nubinia the Magician (level 3, 4/21 HPs)
             Began as an Octopode Wizard on July 18, 2015.
             Quit the game on level 2 of the Dungeon.
             The game lasted 00:02:46 (984 turns).

nubinia the Magician (Octopode Wizard)               Turns: 984, Time: 00:02:46

Health: 4/21       AC:  1    Str:  6    XL:     3   Next: 4%
Magic:  0/7        EV: 12    Int: 21    God:
Gold:   74         SH:  0    Dex: 10    Spells: 2 memorised, 5 levels left

rFire  . . .     SeeInvis .     d - +1 dagger (venom)
rCold  . . .     Clarity  .     (no shield)
rNeg   . . .     SustAt   .     a - +0 hat
rPois  .         Gourm    .     (no amulet)
rElec  .         Spirit   .     (no ring)
rCorr  .         Warding  .     (no ring)
rMut   .         Stasis   .     (no ring)
MR     .....                    (no ring)
Stlth  +++.......               (no ring)
                                (no ring)
                                (no ring)
                                (no ring)

@: lethally poisoned (4 -> 0), very slightly contaminated, repel missiles, not
resistant to hostile enchantments, fairly stealthy
A: almost no armour, amphibious, 8 rings, constrict 8, camouflage 1, gelatinous
body 1
a: no special abilities


You were on level 2 of the Dungeon.
You were not hungry.

You visited 1 branch of the dungeon, and saw 2 of its levels.

You collected 74 gold pieces.

Inventory:

Hand weapons
 d - a +1 dagger of venom (weapon)
Armour
 a - a +0 hat (worn)
Scrolls
 f - a scroll of enchant armour {unknown}
 g - a scroll of identify
Potions
 e - a potion of agility
 i - a potion of invisibility
Books
 b - a book of Minor Magic

   Spells                             Type                      Level
   a - Magic Dart                     Conjuration                  1
   b - Blink                          Translocation                2
   c - Call Imp                       Summoning                    2
   d - Repel Missiles                 Charms/Air                   2
   e - Slow                           Hexes                        2
   f - Conjure Flame                  Conjuration/Fire             3
   g - Mephitic Cloud                 Conjuration/Poison/Air       3
Comestibles
 c - 2 bread rations
 h - a meat ration
 j - a chunk of flesh


   Skills:
 + Level 0.2 Short Blades
 + Level 2.2 Dodging
 + Level 3.4 Stealth
 + Level 3.4 Spellcasting
 + Level 1.1 Conjurations
   Level 1.0 Summonings
   Level 1.0 Translocations


You had 5 spell levels left.
You knew the following spells:

 Your Spells              Type           Power        Failure   Level  Hunger
a - Magic Dart            Conj           #...         12%         1    None
b - Repel Missiles        Chrm/Air       #.....       21%         2    ##.....


Dungeon Overview and Level Annotations

Branches:
Dungeon (2/15)

Altars:


Innate Abilities, Weirdness & Mutations

You cannot wear most types of armour.
You are amphibious.
You can wear up to eight rings at the same time.
You can use your tentacles to constrict eight enemies at once.
Your skin changes colour to match your surroundings (Stealth).
Your rubbery body absorbs attacks (AC +1).


Message History

The adder is almost dead.
You feel sick. The adder barely misses you. The adder bites you.
* * * LOW HITPOINT WARNING * * *
Unknown command.
Unknown command.
Unknown command.
Casting: Magic Dart
Confirm with . or Enter, or press ? or * to list all spells.
Aiming: Magic Dart
Press: ? - help, Shift-Dir - straight line, f/p - adder
Aim: an adder (almost dead)
The magic dart hits the adder.
You kill the adder!
You have reached level 3!
Your experience leads to an increase in your attributes!
Increase (S)trength, (I)ntelligence, or (D)exterity?
You feel clever.
Drink which item? (? for menu, Esc to quit)
Okay, then.
Are you sure you want to abandon this character and quit the game? (Confirm with "yes".)

#. # #. .###.
#.#.# ##...##
#######.....##
......†......#
#@...%.#
#########...#.#
.......<...##
############


There were no monsters in sight!

Vanquished Creatures
  An adder (D:2)
  3 goblins (D:1)
  2 jackals (D:1)
  3 bats (D:1)
  2 giant newts (D:1)
  5 kobolds (D:1)
  3 rats (D:1)
19 creatures vanquished.

Notes
Turn   | Place    | Note
--------------------------------------------------------------
     0 | D:1      | nubinia the Octopode Wizard began the quest for the Orb.
     0 | D:1      | Reached XP level 1. HP: 11/11 MP: 4/4
   210 | D:1      | Reached XP level 2. HP: 17/17 MP: 6/6
   214 | D:1      | Learned a level 2 spell: Repel Missiles
   983 | D:2      | Reached XP level 3. HP: 4/21 MP: 0/7
   984 | D:2      | Quit the game

Vault maps used:
D:1:      ncdulo_watergridlock, minmay_misc_feat_chi, minmay_surrounded
D:2:      lemuel_coloured_pillars_altar, grunt_qazlal_clouds,
          uniq_crazy_yiuf_cottage, uniq_robin, uniq_iyjb, uniq_sigmund

Action                   || total
-------------------------++-------
Melee: Dagger            ||    17
       Unarmed           ||     2
 Cast: Magic Dart        ||    19
       Repel Missiles    ||     1
  Use: Scroll            ||     2
 Stab: Sleeping          ||     9
